Map: Ulrena

Players

Maxcous

  • Race: Terran Terran
  • League: Gold

LilDicky - Winner!

  • Race: Terran Terran
  • League: Diamond

VOD

http://www.twitch.tv/tumescentpie

Description

Time

  • Played on: Jan. 2, 2016, 3:33 p.m.
  • Length: 6:00
Show
View Real Time Build Order
Export as new Build Order

Maxcous Terran 

Build Orders:  

Get SALT Encoding   

  12  0:01  SCV  
  13  0:13  SCV  
  14  0:17  Supply Depot  
  14  0:25  SCV  
  15  0:39  SCV  
  15  0:41  Barracks  
  16  0:51  SCV  
  17  1:03  SCV  
  18  1:15  SCV  
  19  1:24  Command Center  
  19  1:28  Refinery  
  19  1:30  SCV  
  20  1:38  Marine  
  21  1:42  SCV  
  22  1:53  Refinery  
  21  1:54  Barracks  
  21  1:56  Marine  
  22  2:07  Supply Depot  
  22  2:15  Orbital Command  
  22  2:20  Reaper  
  23  2:43  Factory  
  23  2:46  Barracks Tech Lab  
  23  2:47  SCV  
  24  2:51  Orbital Command  
  24  2:59  SCV  
  24  3:04  Barracks Reactor  
  25  3:11  SCV  
  26  3:20  Engineering Bay  
  26  3:23  SCV  
  26  3:24  SCV  
  26  3:27  Marauder  
  30  3:28  Factory Reactor  
  30  3:35  SCV  
  30  3:40  SCV  
  32  3:42  Marine x2  
  32  3:48  SCV  
  35  3:50  Missile Turret  
  35  3:52  SCV  
  36  4:00  SCV, Reaper  
  38  4:03  Marine x2  
  38  4:04  SCV  
  38  4:08  Widow Mine x2  
  45  4:12  SCV  
  45  4:15  Barracks  
  46  4:18  Supply Depot  
  46  4:23  Missile Turret  
  46  4:33  SCV  
  46  4:35  Orbital Command  
  46  4:39  Marine x2  
  46  4:40  Marauder  
  46  4:42  Widow Mine x2  
  51  4:59  Marine  
  49  5:02  Marine  
  49  5:03  SCV x2  
  49  5:10  Supply Depot  
  49  5:11  Widow Mine x2  
  53  5:15  Supply Depot  
  53  5:20  Marine x2  
  51  5:32  Starport  
  47  5:38  Marine x2  
Show
View Real Time Build Order
Export as new Build Order

LilDicky Terran - Winner!

Build Orders: Liberator Opening 

Get SALT Encoding   

  12  0:01  SCV  
  13  0:13  SCV  
  14  0:17  Supply Depot  
  14  0:25  SCV  
  15  0:36  Refinery  
  15  0:39  SCV  
  16  0:47  Barracks  
  16  0:51  SCV  
  17  1:04  SCV  
  17  1:16  SCV  
  18  1:28  SCV  
  19  1:39  Marine  
  20  1:42  Supply Depot  
  20  1:43  Orbital Command  
  20  1:49  Refinery  
  20  1:59  Marine  
  20  2:00  Factory  
  21  2:17  SCV, Marine  
  23  2:35  Marine  
  24  2:37  Supply Depot  
  24  2:43  Factory Tech Lab  
  24  2:45  SCV  
  24  2:46  Starport  
  24  2:48  Engineering Bay  
  25  2:52  Marine  
  25  2:57  SCV  
  27  3:03  Supply Depot  
  27  3:07  Siege Tank  
  27  3:09  SCV  
  27  3:10  Marine  
  32  3:17  Liberator  
  32  3:28  Marine  
  33  3:37  SCV  
  33  3:38  Supply Depot  
  37  3:48  Siege Tank  
  40  4:00  Command Center, Missile Turret  
  40  4:02  SCV  
  41  4:11  Marine  
  41  4:17  Viking  
  44  4:42  SCV  
  44  4:43  Marine  
  44  4:44  Siege Tank  
  49  4:46  Missile Turret  
  49  4:58  Missile Turret  
  49  5:04  Medivac  
  49  5:05  SCV  
  49  5:06  Marine  
  53  5:17  SCV  
  50  5:32  SCV  
  50  5:33  Marine  
  52  5:37  Missile Turret  
Tags
 
Add a new tag
Caveats
  • Supply blocks, unpowered buildings, or Contaminate may cause inaccurate times.
  • Supply counts are checked every 10 seconds.